 Dungeon Crawl Stone Soup version 0.28.0-53-g5a82cb258f (webtiles) character file.

Game seed: 9666021044599354192

6 gobodom the Magician (level 1, 0/11 HPs)
             Began as an Octopode Hedge Wizard on June 21, 2022.
             Slain by a hobgoblin (4 damage)
             ... on level 1 of the Dungeon.
             The game lasted 00:01:49 (113 turns).

gobodom the Magician (Octopode Hedge Wizard)         Turns: 113, Time: 00:01:50

Health: 0/11       AC:  1    Str:  9    XL:     1   Next: 90%
Magic:  2/4        EV: 13    Int: 16    God:
Gold:   0          SH:  0    Dex: 11    Spells: 3/6 levels left

rFire   . . .      SeeInvis .   a - +0 dagger
rCold   . . .      Faith    .   (no shield)
rNeg    . . .      Spirit   .   (helmet currently unavailable)
rPois   .          Reflect  .   (no amulet)
rElec   .          Harm     .   (no ring)
rCorr   .          Rampage  .   (no ring)
Will    .....                   (no ring)
Stlth   +++.......              (no ring)
HPRegen 0.03/turn               (no ring)
MPRegen 0.09/turn               (no ring)
                                (no ring)
                                (no ring)

@: appendages (expiring)
A: tentacle spike 3, almost no armour, amphibious, 8 rings, camouflage 1,
gelatinous body 1, (nimble swimmer 1), tentacles
a: End Transformation


You were on level 1 of the Dungeon.
One of your tentacles had grown a beastly spike.
You visited 1 branch of the dungeon, and saw 1 of its levels.

Inventory:

Hand Weapons
 a - a +0 dagger (weapon)
Missiles
 c - 10 stones
Armour
 b - a +0 hat (melded)


   Skills:
 + Level 2.4 Dodging
 + Level 2.6 Stealth
 + Level 3.1 Spellcasting
 + Level 1.0 Conjurations
 + Level 1.0 Summonings
 + Level 1.0 Translocations


You had 3 spell levels left.
You knew the following spells:

 Your Spells              Type           Power      Damage    Failure   Level
a - Magic Dart            Conj           20%        1d4       12%         1
b - Slow                  Hex            8%         N/A       19%         1
c - Beastly Appendage     Tmut           4%         N/A       19%         1

Your spell library contained the following spells:

 Spells                   Type           Power      Damage    Failure   Level
 Blink                    Tloc           10%        N/A       19%         2
 Call Imp                 Summ           5%         N/A       19%         2
 Wereblood                Tmut           2%         N/A       28%         2
 Conjure Flame            Conj/Fire      4%         6-21      41%         3
 Mephitic Cloud           Conj/Pois/Air  3%         N/A       43%         3
 Spider Form              Tmut/Pois      2%         N/A       50%         3


Dungeon Overview and Level Annotations

Branches:
Dungeon (1/15)

Altars:


Innate Abilities, Weirdness & Mutations

One of your tentacles has grown a beastly spike.
You cannot wear most types of armour.
You are amphibious.
You can wear up to eight rings at the same time.
Your skin changes colour to match your surroundings (Stealth+).
Your rubbery body absorbs attacks. (AC +1, EV +1)
((You are camouflaged when in or above water. (Stealth+)))
You have tentacles for arms and can constrict up to eight enemies at once.


Message History

You kill the goblin!
The hobgoblin shouts!
A hobgoblin comes into view.
A goblin comes into view. It is wielding a +0 dagger.
The magic dart hits the hobgoblin.
The hobgoblin is lightly wounded.
An endoplasm comes into view.
The magic dart hits the goblin.
The goblin is severely wounded.
Casting: Magic Dart (safe; 12% risk of failure)
Confirm with . or Enter, or press ? or * to list all spells.
One of your tentacles grows a vicious spike.
Your +0 hat melds into your body.
Your transformation is almost over.
The endoplasm freezes you.
You are frozen.
You barely miss the endoplasm.
You pierce the endoplasm.
You squeeze the endoplasm.
You kill the endoplasm!
The hobgoblin misses you.
You hit the goblin.
You kill the goblin!
The hobgoblin misses you.
You hit the hobgoblin but do no damage. You grab the hobgoblin.
You squeeze the hobgoblin.
The hobgoblin is almost dead.
You constrict the hobgoblin.
You kill the hobgoblin!
The hobgoblin closely misses you.
You hit the hobgoblin but do no damage. You grab the hobgoblin.
You tentacle-slap the hobgoblin, but do no damage.
You constrict the hobgoblin. The hobgoblin hits you.
You hit the hobgoblin.
You pierce the hobgoblin, but do no damage.
The hobgoblin is moderately wounded.
You constrict the hobgoblin. The hobgoblin hits you.
You hit the hobgoblin but do no damage.
The hobgoblin is heavily wounded.
You constrict the hobgoblin. The hobgoblin hits you.
You die...

#....###..##.###..###......
#....##..##<.###..##.......
#....##...###+#..###......#
#....###...###...##.......#
##....##........###......##
#.....###....####.......#
##.....########........##
##......####.........##
##.....@)..........##
###....g........###
###.......##### #########


You could see a hobgoblin.

Vanquished Creatures
  An endoplasm (D:1)
  2 goblins (D:1)
  A hobgoblin (D:1)
  A rat (D:1)
5 creatures vanquished.

Notes
Turn   | Place    | Note
-------+----------+-------------------------------------------
     0 | D:1      | gobodom the Octopode Hedge Wizard began the quest for the
                  | Orb.
     0 | D:1      | Reached XP level 1. HP: 11/11 MP: 4/4
     2 | D:1      | Learned a level 1 spell: Slow
    26 | D:1      | Learned a level 1 spell: Beastly Appendage
   113 | D:1      | Slain by a hobgoblin

Illustrated notes

Levels and vault maps discovered:
D:1:      dpeg_arrival_snail, layout_basic,
          shapermc_ecumenical_altar_flowoftime, grunt_decor_clamped,
          serial_bayou_ford_a, nrook_mini_backslash

Action                   || total
-------------------------++-------
Melee: Dagger            ||     6
       Constrict         ||     2
       Kick              ||     2
       Tentacles         ||     2
       Punch             ||     1
 Cast: Magic Dart        ||     4
       Beastly Appendage ||     2
Dodge: Dodged            ||     3
